 Dungeon Crawl Stone Soup version 0.22-a0-515-g75794bf (webtiles) character file.

581 iamserjio the Sneak (level 7, -2/47 HPs)
             Began as an Octopode Assassin on June 19, 2018.
             Slain by a sky beast (3 damage)
             ... on level 5 of the Dungeon.
             The game lasted 00:08:47 (3501 turns).

iamserjio the Sneak (Octopode Assassin)             Turns: 3501, Time: 00:08:47

Health: -2/47      AC:  1    Str: 12    XL:     7   Next: 36%
Magic:  7/7        EV: 15    Int: 13    God:
Gold:   111        SH:  0    Dex: 14    Spells: 6/6 levels left

rFire    . . .     SeeInvis .   a - +2 dagger
rCold    . . .     Gourm    .   (no shield)
rNeg     . . .     Faith    .   (helmet restricted)
rPois    .         Spirit   .   (no amulet)
rElec    .         Reflect  .   (no ring)
rCorr    .         Harm     .   (no ring)
MR       .....                  (no ring)
Stlth    +++++.....             (no ring)
HPRegen  0.15/turn              (no ring)
MPRegen  0.10/turn              (no ring)
                                (no ring)
                                (no ring)

@: no status effects
A: almost no armour, stealthy swim, amphibious, 8 rings, constrict 8, camouflage
1, gelatinous body 1
a: no special abilities


You were on level 5 of the Dungeon.
You were not hungry.

You visited 1 branch of the dungeon, and saw 5 of its levels.

You collected 221 gold pieces.
You spent 110 gold pieces at shops.

Inventory:

Hand Weapons
 a - a +2 dagger (weapon)
 b - a +0 blowgun
 i - a +0 short sword
 k - a +2 dagger of speed
Missiles
 c - 30 poisoned needles
 d - 2 curare-tipped needles {!f}
 j - 173 stones (quivered)
Jewellery
 e - a cursed amulet of inaccuracy
 h - a cursed ring of teleportation {unknown}
 n - a +3 ring of slaying {unknown}
 w - an uncursed ring of magical power {unknown}
Scrolls
 l - 2 scrolls of fear
 p - 4 scrolls of fog
 q - 4 scrolls of teleportation
 r - 3 scrolls of enchant armour {unknown}
 u - a scroll of magic mapping {unknown}
 v - a scroll of remove curse {unknown}
 x - a scroll of noise {unknown}
 y - a scroll of enchant weapon {unknown}
Potions
 m - a potion of might
 o - a potion of invisibility
 s - 2 potions of curing {@q1}
 t - a potion of resistance {unknown}
Comestibles
 f - 9 rations
 g - a chunk of flesh


   Skills:
 + Level 3.7 Fighting
 * Level 4.8 Short Blades
 - Level 2.0 Throwing
 + Level 3.7 Dodging
 + Level 7.5 Stealth


You had 6 spell levels left.
You didn't know any spells.
Your spell library was empty.

Dungeon Overview and Level Annotations

Branches:
Dungeon (5/15)
 Temple: D:4-7

Altars:
Elyvilon
Kikubaaqudgha
Nemelex Xobeh
Qazlal
Sif Muna
Xom

Shops:
D:4 ?


Innate Abilities, Weirdness & Mutations

You cannot wear most types of armour.
You are very stealthy in the water. (Stealth+)
You are amphibious.
You can wear up to eight rings at the same time.
You can use your tentacles to constrict eight enemies at once.
Your skin changes colour to match your surroundings (Stealth+).
Your rubbery body absorbs attacks. (AC +1, EV +1)


Message History

You hit the sky beast. Your squeeze misses the sky beast.
The sky beast is heavily wounded.
The sky beast hits you.
* * * LOW HITPOINT WARNING * * *
The sky beast shocks you.
* * * LOW HITPOINT WARNING * * *
You feel better. The sky beast hits you.
* * * LOW HITPOINT WARNING * * *
The sky beast shocks you.
* * * LOW HITPOINT WARNING * * *
You feel better. The sky beast hits you.
* * * LOW HITPOINT WARNING * * *
The sky beast shocks you.
* * * LOW HITPOINT WARNING * * *
Sorry, you're not good enough to have a special ability.
Unknown command.
As you read the scroll of fear, it crumbles to dust.
You assume a fearsome visage.
The sky beast resists with some effort.
The sky beast hits you.
You die...

......# ##...)# ..%...#
##.?....##......# ......
........+ #..#.#
........# ..#.#
#.......# #######.#.#
#.......#
#<....#.#.###.......#
##.#####.#.....@Y..$...#
............8.8.........
.....###.#..._..........
........................
.###.###..####..........
#.........#######
########.######.#
.................
########.######.


You could see a sky beast.

Vanquished Creatures
  Grinder (D:5)
  An ogre (D:4)
  A scorpion (D:5)
  2 vampire bats (D:2)
  2 worker ants (D:4)
  3 gnolls (D:3)
  An ooze (D:2)
  3 worms
  2 dart slugs
  A leopard gecko (D:1)
  5 orcs (D:3)
  5 bats
  2 bat skeletons (D:2)
  2 bat zombies (D:2)
  5 giant cockroaches
  7 goblins
  8 hobgoblins
  5 jackals (D:2)
  7 kobolds
  2 quokkas
  6 frilled lizards
  7 rats
78 creatures vanquished.

Notes
Turn   | Place    | Note
-------+----------+-------------------------------------------
     0 | D:1      | iamserjio the Octopode Assassin began the quest for the Orb.
     0 | D:1      | Reached XP level 1. HP: 14/14 MP: 1/1
    38 | D:1      | Reached XP level 2. HP: 10/19 MP: 2/2
   790 | D:1      | Reached skill level 6 in Stealth
  1060 | D:2      | Reached XP level 3. HP: 19/24 MP: 3/3
  1161 | D:2      | Found a sparkling altar of Nemelex Xobeh.
  1264 | D:2      | Found a shimmering altar of Xom.
  1501 | D:2      | Found an ancient bone altar of Kikubaaqudgha.
  1527 | D:2      | Reached XP level 4. HP: 20/30 MP: 4/4
  1531 | D:2      | Reached XP level 5. HP: 22/35 MP: 5/5
  2281 | D:3      | Noticed an ice beast
  3056 | D:4      | Reached XP level 6. HP: 42/42 MP: 6/6
  3083 | D:4      | Reached skill level 7 in Stealth
  3190 | D:4      | Found a white marble altar of Elyvilon.
  3341 | D:4      | Found a deep blue altar of Sif Muna.
  3391 | D:4      | Found Goeph's Magic Scroll Emporium.
  3399 | D:4      | Bought a scroll of fog for 26 gold pieces
  3399 | D:4      | Bought a scroll of teleportation for 39 gold pieces
  3399 | D:4      | Bought a scroll of fear for 45 gold pieces
  3433 | D:5      | Entered Level 5 of the Dungeon
  3460 | D:5      | Found a stormy altar of Qazlal.
  3467 | D:5      | Noticed Grinder
  3480 | D:5      | Killed Grinder
  3480 | D:5      | Reached XP level 7. HP: 32/47 MP: 7/7
  3500 | D:5      | HP: 1/47 [sky beast (5)]
  3501 | D:5      | Slain by a sky beast

Vault maps used:
D:1:      minmay_arrival_doors
D:2:      kennysheep_vampire_church, nemelex_xobeh_ov_fountains_minmay,
          first_ration, lemuel_tele_altar
D:3:      chequers_big_river
D:4:      lemuel_doored_altar, lemuel_round_altar, serial_shops, shop
D:5:      temple_hall, minivault_19, hangedman_feature_mirror, uniq_grinder

Skill      XL: |  1  2  3  4  5  6 |
---------------+-------------------+-----
Dodging        | 2 3 |  3.7
Stealth        | 6 7 |  7.5
Short Blades   | 3 4 |  4.8
Fighting       | 3 |  3.7
Throwing       | |  2.0

Action                   |  1- 3 |  4- 6 |  7- 9 || total
-------------------------+-------+-------+-------++-------
Melee: Dagger            |    86 |   103 |     6 ||   195
       Constrict         |    25 |    25 |       ||    50
       Tentacles         |    11 |    24 |     1 ||    36
Throw: Stone             |     1 |     1 |       ||     2
  Use: Potion            |     1 |       |     2 ||     3
       Scroll            |       |     4 |     1 ||     5
 Stab: Sleeping          |     5 |    15 |       ||    20
  Eat: Chunk             |     2 |     6 |       ||     8
Armor: Skin              |    11 |     6 |       ||    17
Dodge: Dodged            |    65 |    51 |     1 ||   117

Table legend:
 A = Spawn XP
 B = Non-spawn XP
 C = Spawn XP percentage of total XP
 D = Spawn monster count
 E = Non-spawn monster count
 F = Spawn count percentage of total count
 G = Total turns spent on level
                    A         B        C        D         E        F      G
               +---------+---------+-------+---------+---------+-------+---------
         Total |       0 |     830 |   0.0 |       0 |      78 |   0.0 |  3501
               +---------+---------+-------+---------+---------+-------+---------
           D:1 |       0 |      33 |   0.0 |       0 |      17 |   0.0 |  1048
           D:2 |       0 |     162 |   0.0 |       0 |      25 |   0.0 |  1087
           D:3 |       0 |      99 |   0.0 |       0 |      30 |   0.0 |   890
           D:4 |       0 |     189 |   0.0 |       0 |       4 |   0.0 |   408
           D:5 |       0 |     347 |   0.0 |       0 |       2 |   0.0 |    68
               +---------+---------+-------+---------+---------+-------+---------
